 Dungeon Crawl Stone Soup version 0.31-a0-977-gc230f8ef24 (webtiles) character file.

Game seed: 6940235986181814146

72 Arzdou the Cudgeller (level 4, 0/40 HPs)
             Began as a Meteoran Cinder Acolyte on Oct 29, 2023.
             Was a High Priest of Ignis.
             Slain by an adder (2 damage)
             ... on level 2 of the Dungeon.
             The game lasted 00:03:45 (926 turns).

Arzdou the Cudgeller (Meteoran Cinder Acolyte)       Turns: 926, Time: 00:03:46

Health: 0/40       AC:  2    Str: 15    XL:     4   Next: 77%
Magic:  9/9        EV: 11    Int: 18    God:    Ignis [*****.]
Gold:   64         SH:  0    Dex:  9    Spells: 6/8 levels left

rFire   + . .        a - -1 mace (flame)
rCold   . . .        (no shield)
rNeg    . . .        h - +0 robe
rPois   .            (no helmet)
rElec   .            (no cloak)
rCorr   .            (no gloves)
SInv    .            (no boots)
Will    .....        (no amulet)
Stlth   +            (no ring)
HPRegen 0.26/turn    (no ring)
MPRegen 0.11/turn

%: no passive effects
@: lethally poisoned (0 -> -5), glowing
A: sense surroundings 1, otherworldly, glowing, explore regen
a: Renounce Religion, Fiery Armour, Foxfire Swarm, Rising Flame


You were on level 2 of the Dungeon.
You worshipped Ignis.
Ignis was extremely pleased with you.
You visited 1 branch of the dungeon, and saw 2 of its levels.

You collected 64 gold pieces.

Inventory:

Hand Weapons
 a - a -1 mace of flaming (weapon)
 b - a +0 sling
Armour
 d - a +0 scale mail
 h - a +0 robe (worn)
Scrolls
 c - 2 scrolls of identify {unknown}
 g - a scroll of blinking {unknown}
Potions
 e - 2 potions of heal wounds {unknown}
 f - a potion of curing {unknown}
 i - a potion of berserk rage {unknown}


   Skills:
 + Level 3.9 Fighting
 + Level 4.8 Maces & Flails
 + Level 2.6 Spellcasting
 + Level 4.2 Fire Magic


You had 6 spell levels left.
You knew the following spells:

 Your Spells              Type           Power      Damage    Failure   Level
a - Scorch                Fire           34%        2d6       4%          2

Your spell library contained the following spells:

 Spells                   Type           Power      Damage    Failure   Level
 Summon Forest            Summ/Tloc      1%         N/A       99%         5
 Eringya's Noxious Bog    Tmut/Pois      1%         4d6       100%        6
 Summon Hydra             Summ           1%         N/A       100%        7


Dungeon Overview and Level Annotations

Branches:
Dungeon (2/15) Zot: 252

Altars:


Innate Abilities, Weirdness & Mutations

You passively map a small area around you.
You are easily found by Zot.
You glow in the dark.
You regain HP and MP as you explore.


Message History

The adder bites you.
You are poisoned.
The adder poisons you!
You miss the adder.
You feel sick. The quokka closely misses you. The adder barely misses you.
The quokka barely misses you.
You barely miss the adder.
You feel sick. The adder bites you.
You are more poisoned.
The adder poisons you! The quokka bites you. The adder closely misses you.
You miss the adder.
You feel sick. The quokka misses you. The adder barely misses you.
The quokka bites you.
You miss the adder.
You feel sick. The adder bites you.
You are more poisoned.
The adder poisons you! The quokka barely misses you.
The adder bites you but does no damage.
You miss the adder.
You feel sick. The quokka closely misses you. The adder closely misses you.
You miss the adder.
You feel very sick. The adder barely misses you. The quokka bites you.
The quokka barely misses you. The adder closely misses you.
You miss the adder.
You feel sick. The adder bites you but does no damage. The quokka bites you.
* * * LOW HITPOINT WARNING * * *
You miss the adder.
You feel sick. The adder bites you.
* * * LOW HITPOINT WARNING * * *
You are lethally poisoned!
The adder poisons you! The quokka bites you.
* * * LOW HITPOINT WARNING * * *
The adder bites you but does no damage.
You hit the adder. You burn the adder.
The adder is moderately wounded.
* * * LOW HITPOINT WARNING * * *
You feel very sick. The quokka closely misses you. The adder barely misses you.
The quokka closely misses you.
You closely miss the adder.
The adder is moderately wounded.
* * * LOW HITPOINT WARNING * * *
You feel sick. The adder bites you.
You die...

#.#....# #.# #.##
#.#..#.# #.# #.##
#.####.# #.# #...
#######..).†.###.#######
* ##..
.............†.†........
, ###
################........
, * #........ #........
#@......., , #rS......
#........ , #........
#........, #........
#........ #........


You could see an adder and a quokka.

Vanquished Creatures
  3 adders (D:2)
  A worm (D:2)
  3 dart slugs
  An orc (D:2)
  4 ball pythons (D:1)
  2 bats (D:1)
  2 endoplasms
  2 giant cockroaches
  4 goblins
  2 hobgoblins
  3 quokkas (D:1)
  4 frilled lizards
  2 kobolds (D:1)
  2 rats (D:2)
35 creatures vanquished.

Notes
Turn   | Place    | Note
-------+----------+-------------------------------------------
     0 | D:1      | Arzdou the Meteoran Cinder Acolyte began the quest for the
                  | Orb.
     0 | D:1      | Reached XP level 1. HP: 19/19 MP: 3/3
    93 | D:1      | Reached XP level 2. HP: 10/26 MP: 5/5
    96 | D:1      | Learned a level 2 spell: Scorch
   300 | D:1      | Reached XP level 3. HP: 30/31 MP: 3/7
   492 | D:1      | Glimpsed the power of Zot.
   542 | D:1      | Glimpsed the power of Zot.
   731 | D:2      | Reached XP level 4. HP: 36/40 MP: 3/8
   926 | D:2      | HP: 2/40 [poisoned by an adder]
   926 | D:2      | Slain by an adder

Illustrated notes

Levels and vault maps discovered:
D:1:      dpeg_arrival_water_fire, layout_basic,
          nicolae_ecumenical_snake_handling
D:2:      layout_basic, minmay_pentomino_p2

Skill      XL: |  1  2  3 |
---------------+----------+-----
Spellcasting   | 2 |  2.6
Fire Magic     | 4 |  4.2
Fighting       | |  3.9
Maces & Flails | |  4.8

Action                     |  1- 3 |  4- 6 || total
---------------------------+-------+-------++-------
  Melee: Mace              |    49 |    32 ||    81
   Fire: Sling             |       |    16 ||    16
   Cast: Scorch            |    10 |     5 ||    15
 Armour: Robe              |    26 |    33 ||    59
  Dodge: Dodged            |    35 |    40 ||    75

Table legend: (Time is in decaauts)
 A = Elapsed time spent in this place.
 B = Non-inter-level travel time spent in this place.
 C = Inter-level travel time spent in this place.
 D = Time resting spent in this place.
 E = Time spent auto-exploring this place.
 F = Levels seen in this place.
 G = Mean time per level.
                   A        B        C        D        E       F      G
               +--------+--------+--------+--------+--------+-----+--------+
         Total |    946 |    917 |     29 |    100 |    215 |   2 |  473.0 |
       Dungeon |    946 |    917 |     29 |    100 |    215 |   2 |  473.0 |
               +--------+--------+--------+--------+--------+-----+--------+

Top non-repeatable levels by time:
     D:1: 559 daAuts
     D:2: 386 daAuts
